 Dungeon Crawl Stone Soup version 0.29.0-4-gdea44cf6ec (webtiles) character file.

Game seed: 14515918368657790785

700 qw the Chopper (level 7, 0/54 HPs)
             Began as a Demonspawn Cinder Acolyte on Sept 9, 2022.
             Was an Elder of Ignis.
             Succumbed to a kobold brigand's poison
             ... on level 6 of the Dungeon.
             The game lasted 00:01:43 (6548 turns).

qw the Chopper (Demonspawn Cinder Acolyte)          Turns: 6548, Time: 00:01:44

Health: 0/54       AC:  6    Str: 16    XL:     7   Next: 38%
Magic:  8/8        EV:  9    Int: 16    God:    Ignis [****..]
Gold:   354        SH:  5    Dex:  8    Spells: 8/8 levels left

rFire   + . .      SeeInvis .   m - +0 war axe
rCold   . . .      Faith    .   (no shield)
rNeg    . . .      Spirit   .   a - +0 scale mail
rPois   .          Reflect  +   (helmet restricted)
rElec   .          Harm     .   (no cloak)
rCorr   .          Rampage  .   (no gloves)
Will    +....                   (no boots)
Stlth   ..........              f - amulet of reflection
HPRegen 0.18/turn               k - ring of willpower
MPRegen 0.11/turn               (no ring)

@: lethally poisoned (0 -> -3)
A: claws 1, horns 1, demonic magic 1, screaming 1
a: Renounce Religion, Fiery Armour, Foxfire Swarm, Rising Flame


You were on level 6 of the Dungeon.
You worshipped Ignis.
Ignis was greatly pleased with you.
You visited 1 branch of the dungeon, and saw 6 of its levels.

You collected 354 gold pieces.


Innate Abilities, Weirdness & Mutations

You have sharp fingernails.
You have a pair of small horns on your head.
Spells you cast may paralyse adjacent enemies.
You occasionally shout uncontrollably at your foes.


   Skills:
 - Level 4.0 Fighting
 + Level 6.9 Axes
 - Level 1.8 Throwing
 - Level 1.0 Armour
 - Level 1.2 Dodging
 - Level 1.0 Spellcasting
 - Level 2.6 Fire Magic


You had 8 spell levels left.
You didn't know any spells.
Your spell library contained the following spells:

 Spells                   Type           Power      Damage    Failure   Level
 Scorch                   Fire           18%        2d5       38%         2

Inventory:

Hand Weapons
 m - a +0 war axe (weapon)
 Y - a +2 hand axe of flaming
Missiles
 i - 3 javelins (quivered)
Armour
 a - a +0 scale mail (worn)
 d - a +1 leather armour of fire resistance
Jewellery
 f - an amulet of reflection (around neck)
 k - a ring of willpower (left claw)
Scrolls
 b - a scroll of identify
 e - a scroll of enchant armour
 l - 2 scrolls of teleportation
Potions
 c - a potion of might
 g - a potion of attraction {unknown}
 h - 2 potions of mutation
 j - a potion of resistance {unknown}

Dungeon Overview and Level Annotations

Branches:
Dungeon (6/15)             Temple (0/1) D:4

Altars:
Okawaru
Qazlal
Uskayaw

Shops:
D:6 *


Message History

You slash the kobold brigand!
The kobold brigand is severely wounded.
The kobold brigand hits you but does no damage.
You closely miss the kobold brigand.
The kobold brigand is severely wounded.
The kobold brigand hits you with a +2 war axe of flaming!
The kobold brigand burns you.
You barely miss the kobold brigand.
The kobold brigand is severely wounded.
You block the kobold brigand's attack.
You closely miss the kobold brigand.
Your headbutt misses the kobold brigand.
The kobold brigand is severely wounded.
The kobold brigand hits you with a +2 war axe of flaming!
The kobold brigand burns you. The kobold brigand barely misses you.
A kobold comes into view. It is wielding a +0 short sword.
6541 ||| Stepping ~*~*~tactically~*~*~ (stealth).
The kobold brigand attacks as you move away!
The kobold brigand hits you with a +2 war axe of flaming!
The kobold brigand burns you.
The kobold brigand throws a poisoned dart.
The poisoned dart closely misses you.
6542 ||| FLEEEEING.
A kobold comes into view. It is wielding a +0 club.
The kobold shouts!
The kobold moves out of view.
6543 ||| FLEEEEING.
The kobold brigand throws a poisoned dart.
The poisoned dart hits you!
You are lethally poisoned!
6544 ||| FLEEEEING.
You feel very sick.
6545 ||| FLEEEEING.
You feel sick.
6546 ||| FLEEEEING.
You feel sick.
6547 ||| FLEEEEING.
You feel sick.
6548 ||| FLEEEEING.
You die...

<.....[...######.##.....##
#########.# #.#.......#
#.######.[.......#
#......###.......#
######.####.....##
#.#.......## #.#.####.##
#?#.##...# #.#@##.###
#.#.##.# #.#.##.# #.#.##.#
#.#K##.# ###.#K##.# #
#.K...##.#
....####.###.##.# #.....#
#....#


You could see a kobold brigand and a kobold.

Vanquished Creatures
  A phantom (D:6)
  2 scorpions
  3 jellies
  5 hounds (D:5)
  3 iguanas
  An orc wizard (D:6)
  7 gnolls (D:2)
  2 adders
  An ufetubus (D:6)
  A worm (D:2)
  A dart slug (D:3)
  9 orcs
  4 bats
  8 endoplasms
  3 giant cockroaches
  6 goblins
  8 hobgoblins
  2 quokkas
  3 ball pythons
  4 frilled lizards
  7 kobolds
  4 rats
85 creatures vanquished.

Notes
Turn   | Place    | Note
-------+----------+-------------------------------------------
     0 | D:1      | qw the Demonspawn Cinder Acolyte began the quest for the
                  | Orb.
     0 | D:1      | Reached XP level 1. HP: 18/18 MP: 2/2
     0 | D:1      | 0 ||| qw: Version: 0.1-a-113-g051387a
     0 | D:1      | 0 ||| qw: Game counter: 7017
     0 | D:1      | 0 ||| qw: Always use a shield: true
     0 | D:1      | 0 ||| qw: God list: Okawaru
     0 | D:1      | 0 ||| qw: Allow faded altars: false
     0 | D:1      | 0 ||| qw: Do Orc after D:15 true
     0 | D:1      | 0 ||| qw: Do second Lair branch before Depths: true
     0 | D:1      | 0 ||| qw: Lair rune preference: random
     0 | D:1      | 0 ||| qw: Plans: Normal
     0 | D:1      | 0 ||| PLANNING D:1-11
    48 | D:1      | 48 ||| Stepping ~*~*~tactically~*~*~ (stealth).
    91 | D:1      | 91 ||| INVOKING Fiery Armour.
    98 | D:1      | Reached skill level 3 in Axes
   373 | D:1      | Discovered your monstrous ancestry.
   373 | D:1      | Gained mutation: You have sharp fingernails. [demonic
                  | ancestry]
   373 | D:1      | Reached XP level 2. HP: 19/24 MP: 3/3
   568 | D:1      | 568 ||| INVOKING Fiery Armour.
  1265 | D:1      | 1265 ||| UPGRADING to +0 leather armour.
  1275 | D:1      | 1275 ||| DROPPING +0 robe.
  1276 | D:1      | 1276 ||| READING scroll labelled ZEOLEEN PAFI.
  1277 | D:1      | 1277 ||| READING scroll labelled BAIMIA WOK LOI.
  1299 | D:2      | 1299 ||| INVOKING Fiery Armour.
  1304 | D:2      | Reached XP level 3. HP: 18/29 MP: 4/4
  1308 | D:2      | HP: 6/29 [gnoll/+0 club (3)]
  1309 | D:2      | Reached skill level 4 in Axes
  1313 | D:2      | HP: 4/29 [gnoll/+0 spear (1)]
  1314 | D:2      | Reached skill level 1 in Dodging
  1639 | D:2      | Reached XP level 4. HP: 35/35 MP: 5/5
  1995 | D:2      | 1995 ||| Stepping ~*~*~tactically~*~*~ (stealth).
  2002 | D:2      | 2002 ||| INVOKING Fiery Armour.
  2598 | D:2      | 2598 ||| UPGRADING to +0 scale mail.
  2608 | D:2      | 2608 ||| DROPPING +0 leather armour.
  2609 | D:2      | 2609 ||| UPGRADING to ring of willpower.
  2610 | D:2      | 2610 ||| READING scroll labelled UNOAW MIER MYT.
  2611 | D:2      | 2611 ||| READING 2 scrolls labelled HUZEAJOCAA.
  2612 | D:2      | 2612 ||| READING scroll labelled FOTUAX BOEWOT.
  2613 | D:2      | 2613 ||| READING scroll labelled BAONENOETT.
  2614 | D:2      | 2614 ||| DRINKING 3 viscous black potions.
  2614 | D:2      | Gained mutation: You occasionally shout uncontrollably at
                  | your foes. [potion of mutation]
  2615 | D:2      | 2615 ||| DROPPING scroll of blinking.
  2977 | D:3      | 2977 ||| Stepping ~*~*~tactically~*~*~ (hiding).
  3036 | D:3      | Reached skill level 1 in Armour
  3336 | D:3      | 3336 ||| READING scroll labelled LUEMUM RIECS.
  3337 | D:3      | 3337 ||| DRINKING 2 lumpy inky potions.
  3338 | D:3      | 3338 ||| DRINKING 3 murky sapphire potions.
  3339 | D:3      | 3339 ||| DRINKING 2 viscous blue potions.
  3340 | D:3      | 3340 ||| DROPPING 2 potions of magic.
  3341 | D:3      | 3341 ||| DROPPING potion of flight.
  3434 | D:4      | 3434 ||| Stepping ~*~*~tactically~*~*~ (stealth).
  3454 | D:4      | Found a staircase to the Ecumenical Temple.
  3593 | D:4      | Gained mutation: Spells you cast may paralyse adjacent
                  | enemies. [demonic ancestry]
  3593 | D:4      | Reached XP level 5. HP: 41/41 MP: 6/6
  3704 | D:4      | Found a stormy altar of Qazlal.
  3966 | D:4      | 3966 ||| READING 2 scrolls of enchant weapon.
  3966 | D:4      | 3966 ||| ENCHANTING +0 hand axe of flaming.
  3967 | D:4      | 3967 ||| READING scroll of enchant weapon.
  3967 | D:4      | 3967 ||| ENCHANTING +1 hand axe of flaming.
  4036 | D:4      | 4036 ||| INVOKING Fiery Armour.
  4036 | D:4      | HP: 7/41 [iguana (5)]
  4038 | D:4      | HP: 1/41 [iguana (6)]
  4040 | D:4      | Reached skill level 5 in Axes
  4458 | D:4      | Found an iron altar of Okawaru.
  4643 | D:4      | 4643 ||| UPGRADING to amulet of reflection.
  4648 | D:4      | 4648 ||| READING 2 scrolls labelled UMYCAS GEUMOKK.
  4657 | D:5      | Entered Level 5 of the Dungeon
  4732 | D:5      | Reached skill level 1 in Throwing
  4823 | D:5      | 4823 ||| Stepping ~*~*~tactically~*~*~ (stealth).
  4824 | D:5      | 4824 ||| Stepping ~*~*~tactically~*~*~ (stealth).
  4827 | D:5      | 4827 ||| Stepping ~*~*~tactically~*~*~ (stealth).
  4828 | D:5      | 4828 ||| Stepping ~*~*~tactically~*~*~ (stealth).
  4839 | D:5      | Reached XP level 6. HP: 38/47 MP: 7/7
  5156 | D:5      | Reached skill level 6 in Axes
  5881 | D:5      | 5881 ||| DROPPING +0 leather armour of poison resistance.
  5882 | D:5      | 5882 ||| READING scroll labelled SIENOONLE WOPS.
  5883 | D:5      | 5883 ||| READING scroll labelled CEGRODDIUDA.
  5984 | D:5      | 5984 ||| READING scroll labelled PUNYSE SOFI.
  5985 | D:5      | 5985 ||| READING scroll labelled LIN YL RUSEHI.
  5989 | D:5      | 5989 ||| READING 2 scrolls of identify.
  5989 | D:5      | 5989 ||| IDENTIFYING brown potion
  5990 | D:5      | 5990 ||| DROPPING potion of brilliance.
  6032 | D:6      | Gained mutation: You have a pair of small horns on your
                  | head. [demonic ancestry]
  6032 | D:6      | Reached XP level 7. HP: 36/54 MP: 8/8
  6035 | D:6      | 6035 ||| FLEEEEING.
  6036 | D:6      | 6036 ||| FLEEEEING.
  6040 | D:6      | 6040 ||| STAIRDANCE
  6250 | D:6      | 6250 ||| FLEEEEING.
  6251 | D:6      | 6251 ||| FLEEEEING.
  6252 | D:6      | 6252 ||| FLEEEEING.
  6253 | D:6      | 6253 ||| FLEEEEING.
  6254 | D:6      | 6254 ||| FLEEEEING.
  6255 | D:6      | 6255 ||| FLEEEEING.
  6256 | D:6      | 6256 ||| FLEEEEING.
  6257 | D:6      | 6257 ||| FLEEEEING.
  6258 | D:6      | 6258 ||| FLEEEEING.
  6259 | D:6      | 6259 ||| FLEEEEING.
  6260 | D:6      | 6260 ||| FLEEEEING.
  6261 | D:6      | 6261 ||| FLEEEEING.
  6262 | D:6      | 6262 ||| FLEEEEING.
  6436 | D:6      | 6436 ||| SWAPPING to +0 war axe.
  6448 | D:6      | Found Mad Mec's Lightly-Used Armoury.
  6455 | D:6      | 6455 ||| SHOPLISTING -1 gold dragon scales (825 gold, have
                  | 354).
  6457 | D:6      | Found a hide-covered altar of Uskayaw.
  6528 | D:6      | 6528 ||| Stepping ~*~*~tactically~*~*~ (stealth).
  6529 | D:6      | 6529 ||| Stepping ~*~*~tactically~*~*~ (stealth).
  6541 | D:6      | 6541 ||| Stepping ~*~*~tactically~*~*~ (stealth).
  6541 | D:6      | HP: 9/54 [kobold brigand/+2 war axe of flaming (10)]
  6542 | D:6      | 6542 ||| FLEEEEING.
  6543 | D:6      | 6543 ||| FLEEEEING.
  6544 | D:6      | 6544 ||| FLEEEEING.
  6545 | D:6      | 6545 ||| FLEEEEING.
  6545 | D:6      | HP: 4/54 [poisoned by a kobold brigand]
  6546 | D:6      | 6546 ||| FLEEEEING.
  6547 | D:6      | 6547 ||| FLEEEEING.
  6547 | D:6      | HP: 1/54 [poisoned by a kobold brigand]
  6548 | D:6      | 6548 ||| FLEEEEING.
  6548 | D:6      | Succumbed to a kobold brigand's poison

Levels and vault maps discovered:
D:1:      lemuel_arrival_river_bridge, layout_basic, serial_glass,
          glass_columns_a, glass_columns_c, glass_columns_a, glass_columns_c,
          glass_columns_c, glass_columns_a
D:2:      layout_basic, serial_glass, glass_columns_b, glass_columns_a,
          minmay_crystal_water
D:3:      layout_loops_ring
D:4:      layout_layer_cave, good_gods_temple_1, grunt_qazlal_sundering,
          lemuel_coloured_pillars_altar, minmay_temple_entry_waves
D:5:      layout_gridville
D:6:      layout_loops_ring, nicolae_uskayaw_murder_on_the_dancefloor,
          amcnicky_altar_gilded, nemelex_dance_club_becter,
          gammafunk_ghost_necromancy, nrook_loot_triangle, minmay_shop_damaged,
          uniq_menkaure, uniq_pikel, uniq_grinder

Skill      XL: |  1  2  3  4  5  6 |
---------------+-------------------+-----
Axes           | 3 4 5 6 |  6.9
Dodging        | 1 |  1.2
Armour         | 1 |  1.0
Throwing       | 1 |  1.8
Fighting       | 4 |  4.0
Spellcasting   | |  1.0
Fire Magic     | |  2.6

Action                   |  1- 3 |  4- 6 |  7- 9 || total
-------------------------+-------+-------+-------++-------
Melee: Hand axe          |    88 |   175 |    23 ||   286
       Punch             |       |     2 |       ||     2
       War axe           |       |       |     9 ||     9
       Headbutt          |       |       |     6 ||     6
Throw: Javelin           |       |    19 |     2 ||    21
Invok: Fiery Armour      |     3 |     2 |       ||     5
  Use: Scroll            |     2 |    13 |       ||    15
       Potion            |       |     4 |       ||     4
Armor: Robe              |    23 |       |       ||    23
       Leather armour    |     9 |     6 |       ||    15
       Scale mail        |       |    43 |     4 ||    47
Dodge: Dodged            |    47 |    70 |    11 ||   128
Block: Other             |       |    16 |     8 ||    24

Table legend:
 A = Non-vault XP
 B = Vault XP
 C = Vault XP percentage of total XP
 D = Non-vault monster count
 E = Vault monster count
 F = Vault count percentage of total count
                 A         B        C        D         E       F
            +---------+---------+-------+---------+---------+-------
      Total |    1001 |       0 |   0.0 |      85 |       0 |   0.0
            +---------+---------+-------+---------+---------+-------
        D:1 |      34 |       0 |   0.0 |      21 |       0 |   0.0
        D:2 |     124 |       0 |   0.0 |      19 |       0 |   0.0
        D:3 |      31 |       0 |   0.0 |      10 |       0 |   0.0
        D:4 |      53 |       0 |   0.0 |      10 |       0 |   0.0
        D:5 |     444 |       0 |   0.0 |      15 |       0 |   0.0
        D:6 |     315 |       0 |   0.0 |      10 |       0 |   0.0
            +---------+---------+-------+---------+---------+-------
